Map: Malwarfare

Players

Hunter

  • Race: Zerg Zerg
  • Spawn Location: 7:00

Flor

  • Race: Terran Terran
  • Spawn Location: 7:00

VOD

Have the link to the VOD?

Description

Time

  • Played on: Sept. 13, 2017, 11:28 p.m.
  • Length: 29:57
Show
View Real Time Build Order
Export as new Build Order

Hunter Zerg 

Build Orders:  

Get SALT Encoding   

  6  0:11  Drone x2  
  7  0:21  Drone x2  
  7  0:27  Drone x2  
  9  0:33  Extractor  
  8  0:41  Drone x2  
  8  0:49  Drone x2  
  10  1:15  Spawning Pool  
  10  1:46  Baneling Nest  
  10  1:48  Swarmling x6  
  12  1:53  Drone x2  
  12  1:59  Extractor  
  13  2:07  Overlord x2  
  11  2:32  Swarmling x6  
  11  2:33  Swarmling x3  
  14  2:43  Drone x4  
  14  2:44  Drone x2  
  18  2:58  Drone x2  
  19  3:03  Lair  
  19  3:11  Drone x2  
  22  3:21  Overlord  
  22  3:53  Centrifical Hooks  
  22  4:08  Hatchery  
  23  4:22  Drone x10  
  24  4:45  Evolution Chamber  
  24  5:08  Drone x10  
  29  5:18  Hive  
  31  5:35  Extractor, Drone x6  
  31  5:37  Extractor  
  35  6:01  Heroic Fortitude  
  35  6:04  Metabolic Boost  
  35  6:16  Swarmling x6  
  40  6:25  Pneumatized Carapace  
  40  6:29  Corrosive Acid  
  39  6:37  Hatchery  
  39  7:01  Medusa Blades  
  37  7:11  Swarmling x12  
  37  7:13  Overlord x4  
  37  7:14  Overlord  
  41  7:26  Adrenal Overload  
  41  7:29  Drone x2  
  37  7:39  Drone x2, Scourge Nest  
  38  7:42  Overlord  
  40  8:06  Rupture  
  40  8:30  Shredding Claws  
  40  8:33  Swarmling x3  
  42  8:43  Hatchery  
  42  8:46  Swarmling x3  
  42  8:47  Swarmling x39  
  42  8:48  Hatchery, Swarmling x3  
  65  8:51  Hatchery  
  55  9:02  Zerg Melee Weapons Level 1  
  33  9:33  Swarmling x3  
  33  9:34  Swarmling x42  
  33  9:36  Roach x2  
  33  9:37  Roach x14  
  33  9:38  Roach x4  
  52  10:14  Scourge x12  
  52  10:16  Simplified Genome  
  34  10:58  Swarmling x39  
  34  10:59  Swarmling x9  
  54  11:28  Scourge x6  
  54  11:29  Scourge x2  
  58  11:42  Protective Cover  
  58  11:55  Scourge x4  
  50  12:26  Hardened Carapace  
  50  12:29  Virulent Spores  
  47  12:37  Swarmling x9  
  47  12:38  Swarmling x63  
  47  12:39  Swarmling x36  
  99  12:40  Roach x6  
  99  12:41  Roach x14  
  91  13:19  Scourge x2  
  93  13:20  Scourge x12  
  93  13:38  Zerg Flyer Weapons Level 1  
  93  13:43  Zerg Melee Weapons Level 2  
  95  13:54  Scourge x8  
  95  14:14  Swarmling x3  
  95  14:15  Scourge x2, Swarmling x24  
  95  14:16  Scourge x12  
  80  14:36  Swarmling x3  
  80  14:37  Swarmling x30  
  80  14:38  Swarmling x12  
  85  14:54  Swarmling x3  
  85  14:55  Scourge x2, Swarmling x33  
  85  14:56  Scourge x4  
  96  15:21  Overseer x2  
  96  15:22  Overseer x2  
  66  15:50  Aberration x6  
  66  15:51  Aberration x4  
  96  16:09  Overseer  
  96  16:10  Overseer  
  98  16:41  Roach x14  
  98  16:42  Roach x6  
  99  17:29  Scourge x14  
  91  17:30  Scourge x6  
  93  17:42  Aberration x3  
  97  17:50  Scourge x4  
  97  17:56  Scourge x2  
  99  18:08  Scourge x12  
  99  18:09  Scourge x2  
  93  18:28  Overlord  
  93  18:29  Overlord  
  81  18:30  Overlord x3  
  76  18:56  Scourge x2  
  76  18:58  Aberration x4  
  76  18:59  Aberration  
  80  19:00  Scourge x10  
  80  19:01  Scourge x16  
  93  19:14  Overseer x3  
  93  19:24  Scourge x4  
  93  19:25  Scourge x4  
  90  19:41  Aberration  
  90  19:42  Aberration x2  
  90  20:01  Scourge x16  
  96  20:16  Scourge x16  
  96  20:17  Aberration x2  
  96  20:18  Aberration  
  98  20:30  Zerg Melee Weapons Level 3  
  91  20:40  Scourge x12  
  91  20:41  Scourge x2  
  86  20:59  Swarmling x24  
  100  21:13  Roach x6  
  100  21:14  Roach x14  
  92  21:21  Scourge x10  
  92  21:22  Scourge x12  
  92  21:29  Scourge x20  
  130  21:30  Scourge x4  
  98  21:47  Scourge x14  
  98  21:48  Scourge x2  
  81  22:13  Scourge x2  
  81  22:14  Scourge x16  
  81  22:16  Aberration  
  90  22:20  Swarmling x3  
  90  22:21  Swarmling x12  
  77  22:41  Aberration x3  
  62  22:56  Aberration x2  
  62  22:58  Swarmling x27  
  62  22:59  Swarmling x33  
  72  23:20  Swarmling x18  
  72  23:21  Swarmling x33  
  92  23:33  Swarmling x21  
  78  23:53  Aberration  
  78  23:54  Aberration x3  
  92  24:09  Swarmling x3  
  78  24:10  Swarmling x33  
  78  24:14  Scourge x8  
  91  24:21  Overlord x2  
  81  24:31  Scourge x10  
  81  24:32  Scourge x12  
  90  24:42  Scourge x2  
  90  24:53  Roach x6  
  90  24:54  Roach x14  
  86  25:02  Scourge x6  
  86  25:03  Scourge x2  
  86  25:09  Scourge x6  
  72  25:24  Scourge x14  
  79  25:37  Scourge x10  
  74  25:48  Scourge x8  
  74  25:49  Scourge x2  
  76  25:51  Swarmling x15  
  76  25:52  Swarmling x27  
  76  25:59  Swarmling x3  
  97  26:28  Scourge x2  
  97  26:29  Scourge x20  
  160  26:30  Scourge x6, Drone x2  
  88  26:31  Swarmling x18  
  88  26:32  Swarmling x9  
  84  26:43  Swarmling x3  
  84  26:44  Scourge x4, Swarmling x24  
  93  27:08  Swarmling x18  
  100  27:16  Scourge x4  
  100  27:17  Scourge x12  
  99  27:37  Swarmling x9  
  99  27:38  Swarmling x9  
  96  27:42  Scourge x14  
  97  27:56  Roach x4  
  97  27:57  Roach x14  
  97  27:58  Roach x2  
  97  28:00  Scourge x12  
  99  28:29  Scourge x6  
  76  28:41  Swarmling x27  
  76  28:42  Scourge x2, Swarmling x18  
Show
View Real Time Build Order
Export as new Build Order

Flor Terran 

Build Orders:  

Get SALT Encoding   

Tags
 
Commander
NovaZagara
Matchup
Co-op
Add a new tag
Caveats
  • Supply blocks, unpowered buildings, or Contaminate may cause inaccurate times.
  • Supply counts are checked every 10 seconds.